 Dungeon Crawl Stone Soup version 0.31-a0-803-g95b03c3367 (webtiles) character file.

Game seed: 9356629521715476877

4674 wxvjkmoi the Cleaver (level 10, -1/74 HPs)
             Began as a Demonspawn Gladiator on Sept 20, 2023.
             Was an Initiate of Gozag.
             Slain by a cane toad (12 damage)
             ... on level 1 of the Lair of Beasts.
             The game lasted 00:38:13 (7971 turns).

wxvjkmoi the Cleaver (Demonspawn Gladiator)         Turns: 7971, Time: 00:38:17

Health: -1/74      AC: 27    Str: 20    XL:     10   Next: 21%
Magic:  10/10      EV: 10    Int:  9    God:    Gozag
Gold:   1040       SH:  0    Dex: 14    Spells: 9/9 levels left

rFire   . . .        a - +1 war axe
rCold   . . .        (no shield)
rNeg    . . .        l - +2 chain mail
rPois   +            (helmet unavailable)
rElec   .            B - +1 cloak {rPois}
rCorr   .            (no gloves)
SInv    .            (no boots)
Will    .....        (no amulet) Stlth
                     f - +4 ring of protection
HPRegen 0.32/turn    j - +4 ring of protection
MPRegen 0.12/turn

%: no passive effects
@: gold aura, sanguine armoured
A: horns 3, sanguine armour 1
a: Renounce Religion, Potion Petition, Call Merchant, Bribe Branch


You were on level 1 of the Lair of Beasts.
You worshipped Gozag.
Gozag was most pleased with you.
You visited 3 branches of the dungeon, and saw 10 of its levels.

You collected 1159 gold pieces.
You spent 11 gold pieces at shops.
You paid 108 gold pieces to Gozag.

Inventory:

Hand Weapons
 a - a +1 war axe (weapon)
 k - a +2 hand axe of freezing
 u - a +2 quarterstaff of chaos
 E - a +3 short sword of freezing
Missiles
 d - 3 throwing nets
 e - 4 javelins
 i - 100 stones (quivered)
 s - 13 boomerangs
 x - 3 silver javelins
 y - 23 poisoned darts
 F - 3 curare-tipped darts
Armour
 c - an orb of guile
 l - a +2 chain mail (worn)
 B - a +1 cloak of poison resistance (worn)
Jewellery
 f - a +4 ring of protection (left hand)
 j - a +4 ring of protection (right hand)
 n - a ring of protection from fire
 q - a ring of poison resistance
 L - a ring of positive energy
Talismans
 C - a blade talisman
Wands
 G - a wand of polymorph (5)
Scrolls
 h - a scroll of silence
 H - 2 scrolls of enchant weapon
 I - 2 scrolls of teleportation
 J - a scroll of vulnerability
 M - a scroll of noise {unknown}
 N - a scroll of enchant armour
Potions
 b - a potion of resistance {unknown}
 g - a potion of enlightenment {unknown}
 m - 5 potions of lignification
 o - 2 potions of heal wounds {unknown}
 p - 2 potions of brilliance
 r - 2 potions of mutation
 t - 2 potions of curing
 v - a potion of ambrosia {unknown}
 w - 3 potions of attraction
 z - 2 potions of haste {unknown}
 A - a potion of invisibility {unknown}
 D - a potion of might {unknown}
 K - 2 potions of degeneration {unknown}


   Skills:
 + Level 5.3 Fighting
 * Level 11.2 Axes
 - Level 1.8 Throwing
 + Level 4.3 Armour
 * Level 5.9 Dodging


You had 9 spell levels left.
You didn't know any spells.
Your spell library contained the following spells:

 Spells                   Type           Power      Damage    Failure   Level
 Necrotise                Necr           0%         1d4       96%         1
 Sandblast                Erth           0%         2d4       96%         1
 Passwall                 Tmut/Erth      0%         N/A       99%         2
 Poisonous Vapours        Pois/Air       0%         N/A       99%         2
 Mephitic Cloud           Conj/Pois/Air  0%         N/A       100%        3
 Stone Arrow              Conj/Erth      0%         3d7       100%        3
 Vampiric Draining        Necr           0%         2d6       100%        3
 Brom's Barrelling Bould  Conj/Erth      0%         2d3       100%        4
 Agony                    Necr           0%         N/A       100%        5
 Freezing Cloud           Conj/Ice/Air   0%         6-21      100%        5


Dungeon Overview and Level Annotations

Branches:
Dungeon (8/15)             Temple (1/1) D:5            Lair (1/5) D:8

Altars:
Ashenzari
Cheibriados
Dithmenos
Fedhas
Gozag
Hepliaklqana
Kikubaaqudgha
Makhleb
Nemelex Xobeh
Okawaru
Qazlal
Ru
Sif Muna
Trog
Uskayaw
Vehumet
Wu Jian
Xom
Yredelemnul

Shops:
D:4 (


Innate Abilities, Weirdness & Mutations

You have a pair of large horns on your head.
When seriously injured, your blood forms armour. (AC +6)


Message History

You miss the black mamba. Your headbutt misses the black mamba.
The black mamba barely misses you.
The black mamba bites you but does no damage.
You hit the black mamba. Your headbutt misses the black mamba.
The black mamba is lightly wounded.
The black mamba bites you but does no damage.
You barely miss the black mamba. You headbutt the black mamba!
The black mamba is moderately wounded.
The black mamba bites you but does no damage.
A water moccasin comes into view.
The black mamba bites you but does no damage.
You slash the black mamba!
The black mamba is severely wounded.
The black mamba bites you.
* * * LOW HITPOINT WARNING * * *
You feel better.
The black mamba bites you but does no damage.
The black mamba completely misses you.
You slash the black mamba!
The black mamba is almost dead.
A bullfrog comes into view.
The black mamba bites you but does no damage. x2
You barely miss the black mamba.
The black mamba is almost dead.
The black mamba barely misses you.
The black mamba bites you but does no damage.
You barely miss the black mamba.
The black mamba is almost dead.
The black mamba barely misses you.
You slash the black mamba!
You kill the black mamba!
You slash the cane toad!
The cane toad is moderately wounded.
The sentinel's mark upon you fades away.
The cane toad stings you!
* * * LOW HITPOINT WARNING * * *
A yak comes into view.
The cane toad stings you!
You die...
Your body crumbles into a pile of gold.

#...#### .# .
##.Y..#.##..#
..#####.......F..#
.....?.......$.....#
.......S............#
......lFS.........#.P#
.....FSF########P## ##
?.#####F# ## #@# #.#
#.# ... .## ##


You could see 2 black mambas, a yak, 2 cane toads, a water moccasin, a wyvern
and a bullfrog.

Vanquished Creatures
  A black mamba (Lair:1)
  A hornet (D:7)
  3 yaks (D:8)
  2 steam dragons
  3 water moccasins (D:7)
  A sky beast (D:6)
  2 orc warriors (D:7)
  2 black bears
  2 ogres
  A centaur (D:6)
  2 phantoms
  2 kobold brigands
  5 bullfrogs
  4 scorpions
  5 wights (D:5)
  The ghost of WhatIsLove the Chopper, a weakling HOMo (D:4)
  2 howler monkeys
  A jelly (D:8)
  3 hounds
  7 orc priests
  2 gnoll boudas
  3 iguanas
  An iron imp (D:6)
  3 sleepcaps
  11 orc wizards
  Crazy Yiuf (D:4)
  A hell rat (D:7)
  Robin (D:4)
  3 adders
  6 gnolls
  7 river rats (D:7)
  A shadow imp (D:7)
  A white imp (D:6)
  2 ufetubi
  2 worms
  2 dart slugs
  31 orcs
  3 endoplasms
  5 giant cockroaches
  11 goblins
  16 hobgoblins
  3 jackals (D:3)
  13 kobolds
  14 quokkas
  4 ball pythons
  4 bats
  A frilled lizard (D:1)
  18 rats
220 creatures vanquished.

Vanquished Creatures (others)
  An orc wizard (D:8)
1 creature vanquished.

Grand Total: 221 creatures vanquished

Notes
Turn   | Place    | Note
-------+----------+-------------------------------------------
     0 | D:1      | wxvjkmoi the Demonspawn Gladiator began the quest for the
                  | Orb.
     0 | D:1      | Reached XP level 1. HP: 16/16 MP: 1/1
   501 | D:1      | Gained mutation: You have a pair of small horns on your
                  | head. [demonic ancestry]
   501 | D:1      | Reached XP level 2. HP: 22/22 MP: 2/2
   718 | D:1      | Reached skill level 3 in Axes
  1130 | D:2      | Gained mutation: When seriously injured, your blood forms
                  | armour. (AC +6) [demonic ancestry]
  1130 | D:2      | Reached XP level 3. HP: 27/27 MP: 3/3
  1802 | D:3      | Found an ancient bone altar of Kikubaaqudgha.
  1888 | D:3      | Gained mutation: You have a pair of horns on your head.
                  | [demonic ancestry]
  1888 | D:3      | Reached XP level 4. HP: 33/33 MP: 4/4
  1917 | D:3      | Found a basalt altar of Yredelemnul.
  2188 | D:4      | Reached skill level 4 in Axes
  2206 | D:4      | Reached XP level 5. HP: 7/39 MP: 5/5
  2455 | D:4      | Found a runed translucent door.
  2470 | D:4      | Reached skill level 1 in Armour
  2479 | D:4      | Noticed WhatIsLove's ghost (weakling HOMo)
  2494 | D:4      | Killed WhatIsLove's ghost
  2682 | D:4      | Noticed a phantom
  2693 | D:4      | Killed a phantom
  2694 | D:4      | Reached skill level 5 in Axes
  2694 | D:4      | Reached XP level 6. HP: 37/46 MP: 6/6
  2967 | D:4      | Found Vogaar's Weapon Boutique.
  2978 | D:4      | Reached skill level 6 in Axes
  2978 | D:4      | Reached XP level 7. HP: 46/52 MP: 7/7
  2985 | D:4      | Bought 6 stones for 6 gold pieces
  2985 | D:4      | Bought 5 stones for 5 gold pieces
  3150 | D:4      | Noticed Robin
  3163 | D:4      | Killed Robin
  3437 | D:4      | Found a runed translucent door.
  3438 | D:4      | Noticed Crazy Yiuf
  3450 | D:4      | Killed Crazy Yiuf
  3651 | D:5      | Entered Level 5 of the Dungeon
  3759 | D:5      | Reached skill level 7 in Axes
  3864 | D:5      | Reached XP level 8. HP: 9/56 MP: 8/8
  4210 | D:5      | Reached skill level 8 in Axes
  4655 | D:5      | Found a staircase to the Ecumenical Temple.
  4666 | Temple   | Entered the Ecumenical Temple
  4679 | Temple   | Became a worshipper of Gozag Ym Sagoz the Greedy
  5177 | D:6      | Found a snail-covered altar of Cheibriados.
  5427 | D:6      | Reached skill level 9 in Axes
  5427 | D:6      | Reached skill level 5 in Dodging
  5539 | D:6      | Reached XP level 9. HP: 65/65 MP: 9/9
  5788 | D:6      | Found a shimmering altar of Xom.
  6132 | D:7      | Paralysed by a hornet for 3 turns
  6407 | D:7      | Reached skill level 10 in Axes
  7338 | D:8      | Reached skill level 5 in Fighting
  7469 | D:8      | Found a shimmering blue altar of Sif Muna.
  7497 | D:8      | Found a shadowy altar of Dithmenos.
  7544 | D:8      | Found a staircase to the Lair.
  7648 | D:8      | Gained mutation: You have a pair of large horns on your
                  | head. [demonic ancestry]
  7648 | D:8      | Reached XP level 10. HP: 47/74 MP: 10/10
  7653 | D:8      | Reached skill level 11 in Axes
  7768 | D:8      | Found a sacrificial altar of Ru.
  7772 | D:8      | Found a blossoming altar of Fedhas.
  7942 | Lair:1   | Entered Level 1 of the Lair of Beasts
  7947 | Lair:1   | Noticed a black mamba
  7951 | Lair:1   | Noticed a black mamba
  7952 | Lair:1   | Noticed a cane toad
  7956 | Lair:1   | Noticed a black mamba
  7957 | Lair:1   | Noticed a cane toad
  7970 | Lair:1   | Killed a black mamba
  7971 | Lair:1   | Slain by a cane toad

Illustrated notes

Levels and vault maps discovered:
D:1:      dpeg_arrival_rooms_with_view, layout_basic, columned_hall_lemuel,
          minmay_tall_x
D:2:      layout_loops_ring
D:3:      layout_basic, lemuel_round_altar, kiku_gazebo_garden_becter
D:4:      layout_loops_cross, lemuel_coloured_pillars_altar, serial_shops, shop,
          ebering_ghost_reflecting_pool, minmay_joined_circles,
          uniq_crazy_yiuf_cottage, uniq_robin
D:5:      layout_loops_cross, temple_hall
D:6:      layout_layer_cave, slow_altar_1, mainiacjoe_overflow_alcove_4
D:7:      lemuel_ratsnest, layout_loops_ring
D:8:      layout_cave_pools, nicolae_overflow_hidden_temple,
          grunt_dithmenos_smoke, lair_entry_dummy
Temple:   nicolae_temple_ecumenical_triangle
Lair:1:   layout_gridlike, portal_ice_cave_entry_imps, uniq_maggie

Skill      XL: |  1  2  3  4  5  6  7  8  9 10 |
---------------+-------------------------------+-----
Dodging        | 3 4 5 |  5.9
Axes           | 3 4 5 6 7 9 10 11 | 11.2
Armour         | 1 2 3 4 |  4.3
Fighting       | 3 4 5 |  5.3
Throwing       | |  1.8

Action                     |  1- 3 |  4- 6 |  7- 9 | 10-12 || total
---------------------------+-------+-------+-------+-------++-------
  Melee: War axe           |    84 |   113 |   505 |    35 ||   737
         Headbutt          |     7 |    14 |    86 |     8 ||   115
         Punch             |       |       |     3 |       ||     3
  Throw: Stone             |       |     2 |       |       ||     2
    Use: Scroll            |     6 |     1 |     9 |       ||    16
         Potion            |       |     1 |       |     1 ||     2
 Armour: Leather armour    |    30 |       |       |       ||    30
         Chain mail        |    27 |    89 |   401 |    42 ||   559
         Skin              |       |    33 |       |       ||    33
  Dodge: Dodged            |    46 |    40 |   213 |    18 ||   317

Table legend: (Time is in decaauts)
 A = Elapsed time spent in this place.
 B = Non-inter-level travel time spent in this place.
 C = Inter-level travel time spent in this place.
 D = Time resting spent in this place.
 E = Time spent auto-exploring this place.
 F = Levels seen in this place.
 G = Mean time per level.
                   A        B        C        D        E       F      G
               +--------+--------+--------+--------+--------+-----+--------+
         Total |   8056 |   7772 |    284 |    296 |   5457 |  10 |  805.6 |
       Dungeon |   8009 |   7742 |    267 |    296 |   5457 |   8 | 1001.1 |
        Temple |     18 |      1 |     17 |      0 |      0 |   1 |   18.0 |
          Lair |     27 |     27 |      0 |      0 |      0 |   1 |   27.0 |
               +--------+--------+--------+--------+--------+-----+--------+

Top non-repeatable levels by time:
     D:4: 1571 daAuts
     D:7: 1247 daAuts
     D:6: 1214 daAuts
     D:5: 1190 daAuts
     D:1: 1014 daAuts
     D:8: 636 daAuts
     D:2: 612 daAuts
     D:3: 521 daAuts
  Lair:1: 27 daAuts
  Temple: 18 daAuts
